 Dungeon Crawl Stone Soup version 0.28.0 (webtiles) character file.

Game seed: 1363017227038812987

377 unlimited1921 the Shield-Bearer (level 6, -17/32 HPs)
             Began as a Vine Stalker Fighter on Feb 9, 2022.
             Demolished by a two-headed ogre (21 damage)
             ... on level 5 of the Dungeon.
             The game lasted 00:11:18 (3435 turns).

unlimited1921 the Shield-Bearer (VSFi)              Turns: 3435, Time: 00:11:19

Health: -17/32     AC:  6    Str: 20    XL:     6   Next: 73%
Magic:  0/7        EV:  9    Int:  8    God:
Gold:   146        SH: 10    Dex: 14    Spells: 5/5 levels left

rFire   . . .      SeeInvis .   a - +0 war axe
rCold   . . .      Faith    .   c - +0 buckler
rNeg    . . .      Spirit   +   b - +0 scale mail
rPois   .          Reflect  +   (no helmet)
rElec   .          Harm     .   (no cloak)
rCorr   .          Rampage  .   (no gloves)
Will    .....                   (no boots)
Stlth   ..........              w - amulet of reflection
HPRegen 0.90/turn               (no ring)
MPRegen 0.10/turn               (no ring)

@: no status effects
A: fangs 2, regeneration 1, magic shield, antimagic bite, no potion heal 2
a: no special abilities


You were on level 5 of the Dungeon.
You visited 1 branch of the dungeon, and saw 5 of its levels.

You collected 146 gold pieces.

Inventory:

Hand Weapons
 a - a +0 war axe (weapon)
 j - a +1 dagger of speed
 n - a +0 short sword
 y - a +0 war axe
 C - a +0 war axe
Missiles
 k - 162 stones
 p - 58 arrows
 s - 4 poisoned darts
 z - a boomerang (quivered)
 D - 20 bolts
Armour
 b - a +0 scale mail (worn)
 c - a +0 buckler (worn)
 x - a +0 plate armour
 A - a +0 chain mail
Jewellery
 w - an amulet of reflection (around neck)
Scrolls
 e - 4 scrolls of identify {unknown}
 f - a scroll of noise {unknown}
 g - 2 scrolls of enchant weapon {unknown}
 h - a scroll of immolation {unknown}
 i - a scroll of vulnerability {unknown}
 l - 2 scrolls of fear {unknown}
 m - a scroll of magic mapping {unknown}
 q - 2 scrolls of teleportation {unknown}
 E - a scroll of enchant armour {unknown}
Potions
 d - 2 potions of might
 o - 2 potions of flight {unknown}
 r - a potion of mutation {unknown}
 t - a potion of brilliance {unknown}
 u - a potion of heal wounds {unknown}
 v - a potion of degeneration {unknown}
 B - a potion of lignification {unknown}


   Skills:
 * Level 3.4 Fighting
 + Level 3.7 Axes
 + Level 1.7 Throwing
 * Level 3.4 Armour
 * Level 1.0 Dodging
 * Level 3.7 Shields


You had 5 spell levels left.
You didn't know any spells.
Your spell library was empty.

Dungeon Overview and Level Annotations

Branches:
Dungeon (5/15)
 Temple: D:4-7

Altars:


Innate Abilities, Weirdness & Mutations

You have extremely sharp teeth.
Your natural rate of healing is unusually fast.
When hurt, damage is shared between your health and your magic reserves.
Your bite disrupts and absorbs the magic of your enemies.
Potions cannot restore your health.


Message History

a +0 club; an orc corpse You open the door.
A two-headed ogre opens the door.
It is wielding a +0 giant spiked club and a +0 giant club.
There is an open door here.
Throw: 2 boomerangs
Press: ? - help, Q - select action, (/) - cycle Shift-Dir - straight line, f - two-headed ogre
Aim: a two-headed ogre, wielding a +0 giant spiked club and a +0 giant club (wandering, hasn't noticed you, 74% to hit)
You throw a boomerang. The two-headed ogre shouts in stereo!
The boomerang hits the two-headed ogre.
The two-headed ogre is lightly wounded.
Throw: boomerang
Press: ? - help, Q - select action, (/) - cycle Shift-Dir - straight line, f/p - two-headed ogre
Aim: a two-headed ogre, wielding a +0 giant spiked club and a +0 giant club (lightly wounded, 74% to hit)
You throw a boomerang.
The boomerang hits the two-headed ogre but does no damage.
The two-headed ogre is lightly wounded.
You slash the two-headed ogre! You bite the two-headed ogre.
You drain its power.
The two-headed ogre is moderately wounded.
The two-headed ogre hits you with a +0 giant spiked club!!
Ouch! That really hurt!
The two-headed ogre barely misses you.
You are too injured to fight recklessly!
Found a mace.
You slash the two-headed ogre!
You bite the two-headed ogre, but do no damage.
The two-headed ogre is heavily wounded.
You block the two-headed ogre's attack.
The two-headed ogre hits you with a +0 giant club!
You slash the two-headed ogre! You bite the two-headed ogre.
You drain its power.
You feel invigorated.
The two-headed ogre is severely wounded.
The two-headed ogre barely misses you.
The two-headed ogre hits you with a +0 giant club!
* * * LOW HITPOINT WARNING * * *
You block the two-headed ogre's attack.
The two-headed ogre hits you with a +0 giant club!!
Ouch! That really hurt!
You die...

#.........
#.........
#......... .
#......... ##+##
..##'##########...#
..'...............#
..#...............#
. #...............#
#............O@.#
#....)..........#
#...............#
#............)..#
##...###...#######
###...#######.....#
#.......#...#.....#
#.......#...#.....#
#.......#...'.....#


You could see a two-headed ogre.

Vanquished Creatures
  A bullfrog (D:4)
  A jelly (D:4)
  A centaur skeleton (D:5)
  An orc priest (D:3)
  An iguana (D:4)
  An orc wizard (D:4)
  A hound skeleton (D:4)
  3 gnolls (D:5)
  5 adders
  3 dart slugs
  4 orcs
  10 endoplasms
  A giant cockroach (D:3)
  6 goblins
  9 hobgoblins
  2 jackals (D:3)
  5 quokkas
  8 ball pythons
  5 bats
  3 frilled lizards (D:1)
  8 kobolds
  4 rats
83 creatures vanquished.

Notes
Turn   | Place    | Note
-------+----------+-------------------------------------------
     0 | D:1      | unlimited1921 the Vine Stalker Fighter began the quest for
                  | the Orb.
     0 | D:1      | Reached XP level 1. HP: 11/11 MP: 2/2
   203 | D:1      | Reached XP level 2. HP: 12/16 MP: 3/3
   974 | D:1      | Reached XP level 3. HP: 19/20 MP: 4/4
  1433 | D:2      | You fall into a shaft and drop 1 floor!
  1577 | D:3      | Gained mutation: Your natural rate of healing is unusually
                  | fast. [Vine Stalker growth]
  1577 | D:3      | Reached XP level 4. HP: 22/24 MP: 3/5
  2617 | D:3      | Reached XP level 5. HP: 23/28 MP: 4/6
  3219 | D:4      | Reached skill level 1 in Throwing
  3219 | D:4      | Reached XP level 6. HP: 32/32 MP: 7/7
  3341 | D:5      | Entered Level 5 of the Dungeon
  3384 | D:5      | Reached skill level 1 in Dodging
  3419 | D:5      | Noticed a two-headed ogre
  3435 | D:5      | Demolished by a two-headed ogre

Illustrated notes

Levels and vault maps discovered:
D:1:      elethiomel_arrival_maze, layout_basic, minmay_misc_feat_square,
          st_stairs_7, minmay_hexomino_c4
D:2:      layout_basic, chequers_serial_rivers_micro_a
D:3:      layout_basic
D:4:      layout_gridville
D:5:      layout_gridville, minmay_temple_entry_overgrown,
          kennysheep_generic_room_11

Skill      XL: |  1  2  3  4  5  6 |
---------------+-------------------+-----
Shields        | 3 |  3.7
Axes           | 2 3 |  3.7
Fighting       | 3 |  3.4
Armour         | 3 |  3.4
Throwing       | 1 |  1.7
Dodging        | 1 |  1.0

Action                   |  1- 3 |  4- 6 || total
-------------------------+-------+-------++-------
Melee: War axe           |    87 |   116 ||   203
       Bite              |    12 |    28 ||    40
Throw: Boomerang         |       |    17 ||    17
Armor: Scale mail        |    42 |    54 ||    96
Dodge: Dodged            |    42 |    37 ||    79
Block: Buckler           |    21 |    39 ||    60
       Reflection        |       |     1 ||     1
